 Dungeon Crawl Stone Soup version 0.31.0-11-ge490571c62 (webtiles) character file.

Game seed: 7542307698973297953

84 qw the Shooter (level 4, 0/25 HPs)
             Began as a Deep Elf Hunter on Feb 4, 2024.
             Slain by a river rat (8 damage)
             ... in a sewer.
             The game lasted 00:00:06 (1443 turns).

qw the Shooter (Deep Elf Hunter)                    Turns: 1443, Time: 00:00:07

Health: 0/25       AC:  5    Str:  8 (10) XL:     4   Next: 24%
Magic:  6/6        EV: 10    Int: 14      God:
Gold:   154        SH:  0    Dex: 17 (18) Spells: 3/3 levels left

rFire   . . .        a - +1 shortbow
rCold   . . .        (shield currently unavailable)
rNeg    . . .        j - +0 ring mail
rPois   .            (no helmet)
rElec   .            (no cloak)
rCorr   .            (no gloves)
SInv    .            (no boots)
Will    .....        (no amulet)
Stlth   +            (no ring)
HPRegen 0.24/turn    (no ring)
MPRegen 0.10/turn

%: no passive effects
@: very slow
A: no striking features
a: no special abilities


You were in a sewer.
You visited 1 branch of the dungeon, and saw 3 of its levels.
You also visited: Sewer.

You collected 154 gold pieces.


   Skills:
 - Level 1.5 Fighting
 + Level 7.7 Ranged Weapons
 - Level 2.4 Dodging
 - Level 1.2 Stealth


You had 3 spell levels left.
You didn't know any spells.
Your spell library was empty.

Inventory:

Hand Weapons
 a - a +1 shortbow (weapon)
Armour
 j - a +0 ring mail (worn)
Potions
 b - a potion of heal wounds {unknown}
 e - a potion of curing
 f - a potion of attraction {unknown}
 g - a potion of mutation
 h - a potion of resistance {unknown}
 i - a potion of cancellation

Dungeon Overview and Level Annotations

Branches:
Dungeon (3/15)              Sewer (1/1)

Altars:
Ashenzari
Gozag


Message History

The river rat barely misses you.
You shoot an arrow. The arrow closely misses the river rat.
The arrow hits the river rat but does no damage.
The river rat is heavily wounded.
The ball python bites you but does no damage.
The ball python closely misses you.
A ball python comes into view.
The river rat closely misses you.
You shoot an arrow. The arrow closely misses the river rat.
The ball python hisses angrily.
The arrow hits the rat!
You kill the rat!
The ball python bites you but does no damage.
The ball python barely misses you. The river rat closely misses you.
The river rat bites you.
The ball python bites you but does no damage.
The ball python barely misses you.
You shoot an arrow. The arrow closely misses the river rat.
The river rat barely misses you.
The river rat bites you but does no damage.
A river rat comes into view.
The ball python barely misses you. x2
You shoot an arrow.
The arrow hits the river rat but does no damage.
The river rat is heavily wounded.
The ball python bites you but does no damage.
The ball python barely misses you. The river rat closely misses you.
The river rat barely misses you.
The ball python bites you but does no damage.
The ball python grabs you. The ball python constricts you.
You shoot an arrow. The arrow hits the ball python.
You kill the ball python!
The river rat bites you. The river rat barely misses you.
The ball python bites you but does no damage.
The ball python grabs you. The ball python constricts you.
The river rat bites you. x2
You shoot an arrow. The arrow hits the ball python.
You kill the ball python!
The river rat bites you!
You die...

#~~~~~~#
#~~~~~~#
#~~~~~~#
#~~~~~~#
#~~~#~~#
#~~~~~~#
#~~~~.~#
#~~#~~~#
#~.@#~~#
#~rr%~~#
#~~~~~~#
#~~~~~~#
#~~r~~~#
#~~~%~~#
##%~~~.#
......#


You could see 3 river rats.

Vanquished Creatures
  2 adders (D:2)
  A river rat (D:3)
  2 ribbon worms (D:2)
  7 ball pythons
  6 endoplasms
  2 giant cockroaches (D:1)
  5 goblins
  5 hobgoblins
  3 quokkas
  10 bats
  A frilled lizard (D:2)
  2 kobolds
  7 rats
53 creatures vanquished.

Notes
Turn   | Place    | Note
-------+----------+-------------------------------------------
     0 | D:1      | qw the Deep Elf Hunter began the quest for the Orb.
     0 | D:1      | Reached XP level 1. HP: 12/12 MP: 3/3
     0 | D:1      | 0 ||| qw: Version: 0.3-a-160-g6735b56
     0 | D:1      | 0 ||| qw: Game counter: 4413
     0 | D:1      | 0 ||| qw: Melee chars always use a shield: true
     0 | D:1      | 0 ||| qw: God list: Okawaru
     0 | D:1      | 0 ||| qw: Allow faded altars: false
     0 | D:1      | 0 ||| qw: Do Orc after clearing Dungeon:15 true
     0 | D:1      | 0 ||| qw: Do second Lair branch before Depths: true
     0 | D:1      | 0 ||| qw: Lair rune preference: random
     0 | D:1      | 0 ||| qw: Goals: Normal
     0 | D:1      | 0 ||| PLANNING D:1-11
    86 | D:1      | Reached skill level 6 in Ranged Weapons
    86 | D:1      | Reached XP level 2. HP: 16/16 MP: 4/4
   137 | D:1      | Found a faded altar of an unknown god.
   763 | D:1      | 763 ||| READING 2 scrolls labelled MOGOSA ZYANUAF.
   763 | D:1      | 763 ||| IDENTIFYING fuming orange potion
   764 | D:1      | 764 ||| READING scroll of identify.
   764 | D:1      | 764 ||| IDENTIFYING orange potion
   765 | D:1      | 765 ||| READING scroll labelled NUSTRO EDIUDY.
   866 | D:1      | 866 ||| READING scroll labelled KAMACH AFIXUASM.
   866 | D:1      | 866 ||| ENCHANTING +0 shortbow.
   867 | D:1      | 867 ||| DRINKING 2 purple potions.
   868 | D:1      | 868 ||| DRINKING 2 sedimented cyan potions.
   869 | D:1      | 869 ||| DROPPING scroll of butterflies.
   870 | D:1      | 870 ||| DROPPING potion of degeneration.
   907 | D:2      | Reached XP level 3. HP: 16/20 MP: 5/5
   913 | D:2      | 913 ||| FLEEEEING.
   974 | D:2      | Reached skill level 7 in Ranged Weapons
  1257 | D:2      | Reached XP level 4. HP: 25/25 MP: 6/6
  1344 | D:2      | Found a broken altar of Ashenzari.
  1357 | D:2      | 1357 ||| UPGRADING to +0 ring mail.
  1367 | D:2      | 1367 ||| DROPPING +0 leather armour.
  1368 | D:2      | 1368 ||| READING scroll labelled DERGHO QEGIUSE.
  1372 | D:2      | 1372 ||| READING scroll labelled FIAH ICOCW.
  1383 | D:3      | 1383 ||| PLANNING SEWER
  1392 | D:3      | Found a glowing drain.
  1402 | D:3      | Found an opulent altar of Gozag.
  1412 | Sewer    | Entered a sewer
  1443 | Sewer    | Slain by a river rat

Levels and vault maps discovered:
D:1:      onia_arrival_mini_spirals, layout_basic,
          chequers_ecumenical_altar_island
D:2:      layout_rooms, basic_altar
D:3:      layout_basic, nicolae_tso_swordbearing_angel,
          mainiacjoe_overflow_boulevard, serial_shops, shop,
          portal_sewer_entry_a, nicolae_elevator_lobby_plus
Sewer:    sewer_minmay_w

Skill      XL: |  1  2  3 |
---------------+----------+-----
Ranged Weapons | 6 7 |  7.7
Fighting       | |  1.5
Dodging        | |  2.4
Stealth        | |  1.2

Action                     |  1- 3 |  4- 6 || total
---------------------------+-------+-------++-------
   Fire: Shortbow          |   134 |    33 ||   167
    Use: Scroll            |     4 |     2 ||     6
         Potion            |     2 |       ||     2
 Armour: Leather armour    |    33 |       ||    33
         Ring mail         |       |    17 ||    17
  Dodge: Dodged            |    35 |    15 ||    50

Table legend:
 A = Non-vault XP
 B = Vault XP
 C = Vault XP percentage of total XP
 D = Non-vault monster count
 E = Vault monster count
 F = Vault count percentage of total count
                 A         B        C        D         E       F
            +---------+---------+-------+---------+---------+-------
      Total |     102 |      20 |  16.4 |      45 |       8 |  15.1
            +---------+---------+-------+---------+---------+-------
        D:1 |      39 |       0 |   0.0 |      23 |       0 |   0.0
        D:2 |      61 |       0 |   0.0 |      21 |       0 |   0.0
        D:3 |       2 |      14 |  87.5 |       1 |       2 |  66.7
      Sewer |       0 |       6 | 100.0 |       0 |       6 | 100.0
            +---------+---------+-------+---------+---------+-------
